Workbook
Name Activity_Name: #REF!
Name CODES: 'Activity Code'!#REF!
Name CODES: AccountingCodes!$A$1:$C$31
Name Expense_Name: 'ROLL-UP - By Cost Category'!$B$6:$B$36
Name Grant_Name: #REF!
Name Grant_Name: #REF!
Name XRT: #REF!

Sheet Activity Code
A1: Activity # | B1: Description
A2: 1 | B2: Salaries
A3: 2 | B3: Activity 2 Description
A4: 3 | B4: Activity 3 Description
A5: 4 | B5: Activity 4 Description
A6: 5 | B6: Activity 5 Description
A7: 6 | B7: Activity 6 Description
A8: 7 | B8: Activity 7 Description
A9: 8 | B9: Activity 8 Description
A10: 9 | B10: Activity 9 Description
A11: 10 | B11: Activity 10 Description
A12: 11 | B12: Activity 11 Description
A13: 12 | B13: Activity 12 Description
... A21: 20 | B21: Activity 20 Description

Sheet Activity Plan
A1: ACTIVITY PLAN
A2: Organization Name:
A3: Contact Name:
A4: Project Title:
A5: Project Start Date:
A6: Project End Date:
A7: Location:
A9: ACTIVITY | C9: RESPONSIBILITY | D9: DELIVERABLES | E9: Jan | F9: Feb | G9: Mar | H9: Apr | I9: May | J9: Jun | K9: Jul | L9: Aug | M9: Sep | N9: Oct | O9: Nov | P9: Dec | Q9: Total | R9: Support Requested at The Carter Center
A10: ='Activity Code'!A2 -> 1 | B10: ='Activity Code'!B2 -> Salaries
A11: ='Activity Code'!A3 -> 2 | B11: ='Activity Code'!B3 -> Activity 2 Description
A12: ='Activity Code'!A4 -> 3 | B12: ='Activity Code'!B4 -> Activity 3 Description
A13: ='Activity Code'!A5 -> 4 | B13: ='Activity Code'!B5 -> Activity 4 Description
A14: ='Activity Code'!A6 -> 5 | B14: ='Activity Code'!B6 -> Activity 5 Description
A15: ='Activity Code'!A7 -> 6 | B15: ='Activity Code'!B7 -> Activity 6 Description
A16: ='Activity Code'!A8 -> 7 | B16: ='Activity Code'!B8 -> Activity 7 Description
A17: ='Activity Code'!A9 -> 8 | B17: ='Activity Code'!B9 -> Activity 8 Description
A18: ='Activity Code'!A10 -> 9 | B18: ='Activity Code'!B10 -> Activity 9 Description
A19: ='Activity Code'!A11 -> 10 | B19: ='Activity Code'!B11 -> Activity 10 Description
A20: ='Activity Code'!A12 -> 11 | B20: ='Activity Code'!B12 -> Activity 11 Description
A21: ='Activity Code'!A13 -> 12 | B21: ='Activity Code'!B13 -> Activity 12 Description
... A29: ='Activity Code'!A21 -> 20 | B29: ='Activity Code'!B21 -> Activity 20 Description

Sheet Project Budget
A1: ACTIVITY BUDGET
A2: Organization Name: | C2: Organization Name
A3: Contact person : | C3: Contact Name
A4: Project title : | C4: Project Title
A5: Project Start Date: | C5: Start Date
A6: Project End Date: | C6: End Date
A7: Location: | C7: Location
A8: ACTIVITY DESCRIPTION | D8: Qty | E8: Cost per Unit | F8: Total | G8: Month 1 | H8: Month 2 | I8: Month 3 | J8: Month 4 | K8: Month 5 | L8: Month 6 | M8: Month 7 | N8: Month 8 | O8: Month 9 | P8: Month 10 | Q8: Month 11 | R8: Month 12 | S8: Total
A9: ='Activity Code'!A2 -> 1 | B9: ='Activity Code'!B2 -> Salaries
A10: 1.1 | B10: Subactivity 1.1 | E10: 0 | F10: =D10*E10 -> 0 | S10: =SUM(G10:R10) -> 0
A11: 1.2 | B11: Subactivity 1.2 | E11: 0 | F11: =D11*E11 -> 0 | S11: =SUM(G11:R11) -> 0
A12: 1.3 | B12: Subactivity 1.3 | E12: 0 | F12: =D12*E12 -> 0 | S12: =SUM(G12:R12) -> 0
A13: 1.4 | B13: Subactivity 1.4 | E13: 0 | F13: =E13*D13 -> 0 | S13: =SUM(G13:R13) -> 0
A14: 1.5 | B14: Subactivity 1.5 | E14: 0 | F14: =D14*E14 -> 0 | S14: =SUM(G14:R14) -> 0
B15: Subtotal | F15: =SUM(F10:F14) -> 0 | G15: =SUM(G10:G14) -> 0 | H15: =SUM(H10:H14) -> 0 | I15: =SUM(I10:I14) -> 0 | J15: =SUM(J10:J14) -> 0 | K15: =SUM(K10:K14) -> 0 | L15: =SUM(L10:L14) -> 0 | M15: =SUM(M10:M14) -> 0 | ... S15: =SUM(S10:S14) -> 0
A16: ='Activity Code'!A3 -> 2 | B16: ='Activity Code'!B3 -> Activity 2 Description
A17: 2.1 | B17: Subactivity 2.1 | E17: 0 | F17: =D17*E17 -> 0 | S17: =SUM(G17:R17) -> 0
A18: 2.2 | B18: Subactivity 2.2 | E18: 0 | F18: =D18*E18 -> 0 | S18: =SUM(G18:R18) -> 0
A19: 2.3 | B19: Subactivity 2.3 | E19: 0 | F19: =D19*E19 -> 0 | S19: =SUM(G19:R19) -> 0
A20: 2.4 | B20: Subactivity 2.4 | E20: 0 | F20: =E20*D20 -> 0 | S20: =SUM(G20:R20) -> 0
A21: 2.5 | B21: Subactivity 2.5 | E21: 0 | F21: =D21*E21 -> 0 | S21: =SUM(G21:R21) -> 0
B22: Subtotal | F22: =SUM(F17:F21) -> 0 | G22: =SUM(G17:G21) -> 0 | H22: =SUM(H17:H21) -> 0 | I22: =SUM(I17:I21) -> 0 | J22: =SUM(J17:J21) -> 0 | K22: =SUM(K17:K21) -> 0 | L22: =SUM(L17:L21) -> 0 | M22: =SUM(M17:M21) -> 0 | ... S22: =SUM(S17:S21) -> 0
A23: ='Activity Code'!A4 -> 3 | B23: ='Activity Code'!B4 -> Activity 3 Description
A24: 3.1 | B24: Subactivity 3.1 | E24: 0 | F24: =D24*E24 -> 0 | S24: =SUM(G24:R24) -> 0
A25: 3.2 | B25: Subactivity 3.2 | E25: 0 | F25: =D25*E25 -> 0 | S25: =SUM(G25:R25) -> 0
A26: 3.3 | B26: Subactivity 3.3 | E26: 0 | F26: =D26*E26 -> 0 | S26: =SUM(G26:R26) -> 0
A27: 3.4 | B27: Subactivity 3.4 | E27: 0 | F27: =E27*D27 -> 0 | S27: =SUM(G27:R27) -> 0
A28: 3.5 | B28: Subactivity 3.5 | E28: 0 | F28: =D28*E28 -> 0 | S28: =SUM(G28:R28) -> 0
B29: Subtotal | F29: =SUM(F24:F28) -> 0 | G29: =SUM(G24:G28) -> 0 | H29: =SUM(H24:H28) -> 0 | I29: =SUM(I24:I28) -> 0 | J29: =SUM(J24:J28) -> 0 | K29: =SUM(K24:K28) -> 0 | L29: =SUM(L24:L28) -> 0 | M29: =SUM(M24:M28) -> 0 | ... S29: =SUM(S24:S28) -> 0
A30: ='Activity Code'!A5 -> 4 | B30: ='Activity Code'!B5 -> Activity 4 Description
A31: 4.1 | B31: Subactivity 4.1 | E31: 0 | F31: =D31*E31 -> 0 | S31: =SUM(G31:R31) -> 0
A32: 4.2 | B32: Subactivity 4.2 | E32: 0 | F32: =D32*E32 -> 0 | S32: =SUM(G32:R32) -> 0
A33: 4.3 | B33: Subactivity 4.3 | E33: 0 | F33: =D33*E33 -> 0 | S33: =SUM(G33:R33) -> 0
A34: 4.4 | B34: Subactivity 4.4 | E34: 0 | F34: =E34*D34 -> 0 | S34: =SUM(G34:R34) -> 0
A35: 4.5 | B35: Subactivity 4.5 | E35: 0 | F35: =D35*E35 -> 0 | S35: =SUM(G35:R35) -> 0
B36: Subtotal | F36: =SUM(F31:F35) -> 0 | G36: =SUM(G31:G35) -> 0 | H36: =SUM(H31:H35) -> 0 | I36: =SUM(I31:I35) -> 0 | J36: =SUM(J31:J35) -> 0 | K36: =SUM(K31:K35) -> 0 | L36: =SUM(L31:L35) -> 0 | M36: =SUM(M31:M35) -> 0 | ... S36: =SUM(S31:S35) -> 0
A37: ='Activity Code'!A6 -> 5 | B37: ='Activity Code'!B6 -> Activity 5 Description
A38: 5.1 | B38: Subactivity 5.1 | E38: 0 | F38: =D38*E38 -> 0 | S38: =SUM(G38:R38) -> 0
A39: 5.2 | B39: Subactivity 5.2 | E39: 0 | F39: =D39*E39 -> 0 | S39: =SUM(G39:R39) -> 0
A40: 5.3 | B40: Subactivity 5.3 | E40: 0 | F40: =D40*E40 -> 0 | S40: =SUM(G40:R40) -> 0
A41: 5.4 | B41: Subactivity 5.4 | E41: 0 | F41: =D41*E41 -> 0 | S41: =SUM(G41:R41) -> 0
A42: 5.5 | B42: Subactivity 5.5 | E42: 0 | F42: =D42*E42 -> 0 | S42: =SUM(G42:R42) -> 0
B43: Subtotal | F43: =SUM(F38:F42) -> 0 | G43: =SUM(G38:G42) -> 0 | H43: =SUM(H38:H42) -> 0 | I43: =SUM(I38:I42) -> 0 | J43: =SUM(J38:J42) -> 0 | K43: =SUM(K38:K42) -> 0 | L43: =SUM(L38:L42) -> 0 | M43: =SUM(M38:M42) -> 0 | ... S43: =SUM(S38:S42) -> 0
A44: ='Activity Code'!A7 -> 6 | B44: ='Activity Code'!B7 -> Activity 6 Description
A45: 6.1 | B45: Subactivity 6.1 | E45: 0 | F45: =D45*E45 -> 0 | S45: =SUM(G45:R45) -> 0
A46: 6.2 | B46: Subactivity 6.2 | E46: 0 | F46: =D46*E46 -> 0 | S46: =SUM(G46:R46) -> 0
A47: 6.3 | B47: Subactivity 6.3 | E47: 0 | F47: =D47*E47 -> 0 | S47: =SUM(G47:R47) -> 0
A48: 6.4 | B48: Subactivity 6.4 | E48: 0 | F48: =D48*E48 -> 0 | S48: =SUM(G48:R48) -> 0
A49: 6.5 | B49: Subactivity 6.5 | E49: 0 | F49: =D49*E49 -> 0 | S49: =SUM(G49:R49) -> 0
B50: Subtotal | F50: =SUM(F45:F49) -> 0 | G50: =SUM(G45:G49) -> 0 | H50: =SUM(H45:H49) -> 0 | I50: =SUM(I45:I49) -> 0 | J50: =SUM(J45:J49) -> 0 | K50: =SUM(K45:K49) -> 0 | L50: =SUM(L45:L49) -> 0 | M50: =SUM(M45:M49) -> 0 | ... S50: =SUM(S45:S49) -> 0
A51: ='Activity Code'!A8 -> 7 | B51: ='Activity Code'!B8 -> Activity 7 Description
A52: 7.1 | B52: Subactivity 7.1 | E52: 0 | F52: =D52*E52 -> 0 | S52: =SUM(G52:R52) -> 0
A53: 7.2 | B53: Subactivity 7.2 | E53: 0 | F53: =D53*E53 -> 0 | S53: =SUM(G53:R53) -> 0
A54: 7.3 | B54: Subactivity 7.3 | E54: 0 | F54: =D54*E54 -> 0 | S54: =SUM(G54:R54) -> 0
A55: 7.4 | B55: Subactivity 7.4 | E55: 0 | F55: =D55*E55 -> 0 | S55: =SUM(G55:R55) -> 0
A56: 7.5 | B56: Subactivity 7.5 | E56: 0 | F56: =D56*E56 -> 0 | S56: =SUM(G56:R56) -> 0
B57: Subtotal | F57: =SUM(F52:F56) -> 0 | G57: =SUM(G52:G56) -> 0 | H57: =SUM(H52:H56) -> 0 | I57: =SUM(I52:I56) -> 0 | J57: =SUM(J52:J56) -> 0 | K57: =SUM(K52:K56) -> 0 | L57: =SUM(L52:L56) -> 0 | M57: =SUM(M52:M56) -> 0 | ... S57: =SUM(S52:S56) -> 0
A58: ='Activity Code'!A9 -> 8 | B58: ='Activity Code'!B9 -> Activity 8 Description
A59: 8.1 | B59: Subactivity 8.1 | E59: 0 | F59: =D59*E59 -> 0 | S59: =SUM(G59:R59) -> 0
A60: 8.2 | B60: Subactivity 8.2 | E60: 0 | F60: =D60*E60 -> 0 | S60: =SUM(G60:R60) -> 0
A61: 8.3 | B61: Subactivity 8.3 | E61: 0 | F61: =D61*E61 -> 0 | S61: =SUM(G61:R61) -> 0
A62: 8.4 | B62: Subactivity 8.4 | E62: 0 | F62: =D62*E62 -> 0 | S62: =SUM(G62:R62) -> 0
A63: 8.5 | B63: Subactivity 8.5 | E63: 0 | F63: =D63*E63 -> 0 | S63: =SUM(G63:R63) -> 0
B64: Subtotal | F64: =SUM(F59:F63) -> 0 | G64: =SUM(G59:G63) -> 0 | H64: =SUM(H59:H63) -> 0 | I64: =SUM(I59:I63) -> 0 | J64: =SUM(J59:J63) -> 0 | K64: =SUM(K59:K63) -> 0 | L64: =SUM(L59:L63) -> 0 | M64: =SUM(M59:M63) -> 0 | ... S64: =SUM(S59:S63) -> 0
A65: ='Activity Code'!A10 -> 9 | B65: ='Activity Code'!B10 -> Activity 9 Description
A66: 9.1 | B66: Subactivity 9.1 | E66: 0 | F66: =D66*E66 -> 0 | S66: =SUM(G66:R66) -> 0
A67: 9.2 | B67: Subactivity 9.2 | E67: 0 | F67: =D67*E67 -> 0 | S67: =SUM(G67:R67) -> 0
A68: 9.3 | B68: Subactivity 9.3 | E68: 0 | F68: =D68*E68 -> 0 | S68: =SUM(G68:R68) -> 0
A69: 9.4 | B69: Subactivity 9.4 | E69: 0 | F69: =D69*E69 -> 0 | S69: =SUM(G69:R69) -> 0
A70: 9.5 | B70: Subactivity 9.5 | E70: 0 | F70: =D70*E70 -> 0 | S70: =SUM(G70:R70) -> 0
B71: Subtotal | F71: =SUM(F66:F70) -> 0 | G71: =SUM(G66:G70) -> 0 | H71: =SUM(H66:H70) -> 0 | I71: =SUM(I66:I70) -> 0 | J71: =SUM(J66:J70) -> 0 | K71: =SUM(K66:K70) -> 0 | L71: =SUM(L66:L70) -> 0 | M71: =SUM(M66:M70) -> 0 | ... S71: =SUM(S66:S70) -> 0
A72: ='Activity Code'!A11 -> 10 | B72: ='Activity Code'!B11 -> Activity 10 Description
A73: 10.1 | B73: Subactivity 10.1 | E73: 0 | F73: =D73*E73 -> 0 | S73: =SUM(G73:R73) -> 0
A74: 10.2 | B74: Subactivity 10.2 | E74: 0 | F74: =D74*E74 -> 0 | S74: =SUM(G74:R74) -> 0
A75: 10.3 | B75: Subactivity 10.3 | E75: 0 | F75: =D75*E75 -> 0 | S75: =SUM(G75:R75) -> 0
A76: 10.4 | B76: Subactivity 10.4 | E76: 0 | F76: =D76*E76 -> 0 | S76: =SUM(G76:R76) -> 0
A77: 10.5 | B77: Subactivity 10.5 | E77: 0 | F77: =D77*E77 -> 0 | S77: =SUM(G77:R77) -> 0
B78: Subtotal | F78: =SUM(F73:F77) -> 0 | G78: =SUM(G73:G77) -> 0 | H78: =SUM(H73:H77) -> 0 | I78: =SUM(I73:I77) -> 0 | J78: =SUM(J73:J77) -> 0 | K78: =SUM(K73:K77) -> 0 | L78: =SUM(L73:L77) -> 0 | M78: =SUM(M73:M77) -> 0 | ... S78: =SUM(S73:S77) -> 0
A79: ='Activity Code'!A12 -> 11 | B79: ='Activity Code'!B12 -> Activity 11 Description
A80: 11.1 | B80: Subactivity 11.1 | E80: 0 | F80: =D80*E80 -> 0 | S80: =SUM(G80:R80) -> 0
A81: 11.2 | B81: Subactivity 11.2 | E81: 0 | F81: =D81*E81 -> 0 | S81: =SUM(G81:R81) -> 0
A82: 11.3 | B82: Subactivity 11.3 | E82: 0 | F82: =D82*E82 -> 0 | S82: =SUM(G82:R82) -> 0
A83: 11.4 | B83: Subactivity 11.4 | E83: 0 | F83: =D83*E83 -> 0 | S83: =SUM(G83:R83) -> 0
A84: 11.5 | B84: Subactivity 11.5 | E84: 0 | F84: =D84*E84 -> 0 | S84: =SUM(G84:R84) -> 0
B85: Subtotal | F85: =SUM(F80:F84) -> 0 | G85: =SUM(G80:G84) -> 0 | H85: =SUM(H80:H84) -> 0 | I85: =SUM(I80:I84) -> 0 | J85: =SUM(J80:J84) -> 0 | K85: =SUM(K80:K84) -> 0 | L85: =SUM(L80:L84) -> 0 | M85: =SUM(M80:M84) -> 0 | ... S85: =SUM(S80:S84) -> 0
A86: ='Activity Code'!A13 -> 12 | B86: ='Activity Code'!B13 -> Activity 12 Description
A87: 12.1 | B87: Subactivity 12.1 | E87: 0 | F87: =D87*E87 -> 0 | S87: =SUM(G87:R87) -> 0
A88: 12.2 | B88: Subactivity 12.2 | E88: 0 | F88: =D88*E88 -> 0 | S88: =SUM(G88:R88) -> 0
A89: 12.3 | B89: Subactivity 12.3 | E89: 0 | F89: =D89*E89 -> 0 | S89: =SUM(G89:R89) -> 0
A90: 12.4 | B90: Subactivity 12.4 | E90: 0 | F90: =D90*E90 -> 0 | S90: =SUM(G90:R90) -> 0
A91: 12.5 | B91: Subactivity 12.5 | E91: 0 | F91: =D91*E91 -> 0 | S91: =SUM(G91:R91) -> 0
B92: Subtotal | F92: =SUM(F87:F91) -> 0 | G92: =SUM(G87:G91) -> 0 | H92: =SUM(H87:H91) -> 0 | I92: =SUM(I87:I91) -> 0 | J92: =SUM(J87:J91) -> 0 | K92: =SUM(K87:K91) -> 0 | L92: =SUM(L87:L91) -> 0 | M92: =SUM(M87:M91) -> 0 | ... S92: =SUM(S87:S91) -> 0
A93: ='Activity Code'!A14 -> 13 | B93: ='Activity Code'!B14 -> Activity 13 Description
A94: 13.1 | B94: Subactivity 13.1 | E94: 0 | F94: =D94*E94 -> 0 | S94: =SUM(G94:R94) -> 0
A95: 13.2 | B95: Subactivity 13.2 | E95: 0 | F95: =D95*E95 -> 0 | S95: =SUM(G95:R95) -> 0
A96: 13.3 | B96: Subactivity 13.3 | E96: 0 | F96: =D96*E96 -> 0 | S96: =SUM(G96:R96) -> 0
A97: 13.4 | B97: Subactivity 13.4 | E97: 0 | F97: =D97*E97 -> 0 | S97: =SUM(G97:R97) -> 0
A98: 13.5 | B98: Subactivity 13.5 | E98: 0 | F98: =D98*E98 -> 0 | S98: =SUM(G98:R98) -> 0
B99: Subtotal | F99: =SUM(F94:F98) -> 0 | G99: =SUM(G94:G98) -> 0 | H99: =SUM(H94:H98) -> 0 | I99: =SUM(I94:I98) -> 0 | J99: =SUM(J94:J98) -> 0 | K99: =SUM(K94:K98) -> 0 | L99: =SUM(L94:L98) -> 0 | M99: =SUM(M94:M98) -> 0 | ... S99: =SUM(S94:S98) -> 0
A100: ='Activity Code'!A15 -> 14 | B100: ='Activity Code'!B15 -> Activity 14 Description
...

Sheet AccountingCodes
A1: Select | B1: N/A | C1: MEMO
A2: Local Salary | B2: 1001A
A3: Vehicle Rental | B3: 5105
A4: Tel/Fax /Internet Service | B4: 2410
A5: Phone, satellite & cell phone equip | B5: 2420
A6: Shipping/Postage | B6: 2430
A7: Printing | B7: 2460
A8: Photocopying | B8: 2460B
A9: Publication | B9: 2470
A10: Advertisement Recruitment | B10: 2489
A11: Maint. Labor | B11: 2510
A12: Photo/video Services | B12: 2620
A13: Computer Services | B13: 2501
A14: Other Services | B14: 2690
A15: Office Supplies | B15: 3200
A16: Books/Periodicals | B16: 3400
A17: Other Supplies | B17: 3600
A18: Non-Cap Equip | B18: 3800 | C18: Equipment less than $1,500.00
A19: Security | B19: 4650
A20: Vehicle Maint | B20: 5110
A21: Auto Fuel & Oil | B21: 5120
A22: Air fare | B22: 6200A | C22: Only in Country.- Intl. by Atlanta
A23: Travel Exp other | B23: 6200B | C23: visa, medical, immunization
A24: Lodging | B24: 6200C
A25: Perdiem/meals | B25: 6200D
A26: Local Transp | B26: 6250
A27: Meeting Cost | B27: 6516
A28: Bank Charges | B28: 8262
A29: Insurance | B29: 8353
A30: All Other | B30: XXXX
A31: TBD | B31: XXXX

Sheet Bank Recon
A1: =CONCATENATE(#REF!, " Bank Reconciliations") -> #REF!
A3: =#REF! -> #REF! | E3: =#REF! -> #REF!
A4: Bank Ending Balance: | E4: Bank Ending Balance:
A5: Ledger Ending Balance: | C5: =#REF! -> #REF! | E5: Ledger Ending Balance: | G5: =#REF! -> #REF!
A7: Outstanding Checks: | B7: Number | C7: Amount | E7: Outstanding Checks: | F7: Number | G7: Amount
A19: Total Outstanding Checks: | C19: =SUM(C8:C18) -> 0 | E19: Total Outstanding Checks: | G19: =SUM(G8:G18) -> 0
A20: Variance: | C20: =+C4-C5-C19 -> #REF! | E20: Variance: | G20: =+G4-G5-G19 -> #REF!

Sheet ROLL-UP - By Cost Category
A1: Local Partner - Ledger ROLLUP - Cost Category
B2: Partner Name
B3: Country/City
B4: Total Funds | C4: 2000
A5: Subcode | B5: Expense | C5: US$D CASH | D5: LOCAL CASH | E5: TOTAL
A7: =AccountingCodes!B2 -> 1001A | B7: =AccountingCodes!A2 -> Local Salary | C7: =SUMIF(#REF!,$B7,#REF!) -> #REF! | D7: =SUMIF(#REF!,$B7,#REF!) -> #REF! | E7: =SUM(C7:D7) -> #REF!
A8: =AccountingCodes!B3 -> 5105 | B8: =AccountingCodes!A3 -> Vehicle Rental | C8: =SUMIF(#REF!,$B8,#REF!) -> #REF! | D8: =SUMIF(#REF!,$B8,#REF!) -> #REF! | E8: =SUM(C8:D8) -> #REF!
A9: =AccountingCodes!B4 -> 2410 | B9: =AccountingCodes!A4 -> Tel/Fax /Internet Service | C9: =SUMIF(#REF!,$B9,#REF!) -> #REF! | D9: =SUMIF(#REF!,$B9,#REF!) -> #REF! | E9: =SUM(C9:D9) -> #REF!
A10: =AccountingCodes!B5 -> 2420 | B10: =AccountingCodes!A5 -> Phone, satellite & cell phone equip | C10: =SUMIF(#REF!,$B10,#REF!) -> #REF! | D10: =SUMIF(#REF!,$B10,#REF!) -> #REF! | E10: =SUM(C10:D10) -> #REF!
A11: =AccountingCodes!B6 -> 2430 | B11: =AccountingCodes!A6 -> Shipping/Postage | C11: =SUMIF(#REF!,$B11,#REF!) -> #REF! | D11: =SUMIF(#REF!,$B11,#REF!) -> #REF! | E11: =SUM(C11:D11) -> #REF!
A12: =AccountingCodes!B7 -> 2460 | B12: =AccountingCodes!A7 -> Printing | C12: =SUMIF(#REF!,$B12,#REF!) -> #REF! | D12: =SUMIF(#REF!,$B12,#REF!) -> #REF! | E12: =SUM(C12:D12) -> #REF!
A13: =AccountingCodes!B8 -> 2460B | B13: =AccountingCodes!A8 -> Photocopying | C13: =SUMIF(#REF!,$B13,#REF!) -> #REF! | D13: =SUMIF(#REF!,$B13,#REF!) -> #REF! | E13: =SUM(C13:D13) -> #REF!
A14: =AccountingCodes!B9 -> 2470 | B14: =AccountingCodes!A9 -> Publication | C14: =SUMIF(#REF!,$B14,#REF!) -> #REF! | D14: =SUMIF(#REF!,$B14,#REF!) -> #REF! | E14: =SUM(C14:D14) -> #REF!
A15: =AccountingCodes!B10 -> 2489 | B15: =AccountingCodes!A10 -> Advertisement Recruitment | C15: =SUMIF(#REF!,$B15,#REF!) -> #REF! | D15: =SUMIF(#REF!,$B15,#REF!) -> #REF! | E15: =SUM(C15:D15) -> #REF!
A16: =AccountingCodes!B11 -> 2510 | B16: =AccountingCodes!A11 -> Maint. Labor | C16: =SUMIF(#REF!,$B16,#REF!) -> #REF! | D16: =SUMIF(#REF!,$B16,#REF!) -> #REF! | E16: =SUM(C16:D16) -> #REF!
A17: =AccountingCodes!B12 -> 2620 | B17: =AccountingCodes!A12 -> Photo/video Services | C17: =SUMIF(#REF!,$B17,#REF!) -> #REF! | D17: =SUMIF(#REF!,$B17,#REF!) -> #REF! | E17: =SUM(C17:D17) -> #REF!
A18: =AccountingCodes!B13 -> 2501 | B18: =AccountingCodes!A13 -> Computer Services | C18: =SUMIF(#REF!,$B18,#REF!) -> #REF! | D18: =SUMIF(#REF!,$B18,#REF!) -> #REF! | E18: =SUM(C18:D18) -> #REF!
... A36: =AccountingCodes!B31 -> XXXX | B36: =AccountingCodes!A31 -> TBD | C36: =SUMIF(#REF!,$B36,#REF!) -> #REF! | D36: =SUMIF(#REF!,$B36,#REF!) -> #REF! | E36: =SUM(C36:D36) -> #REF!
E37: =SUM(C37:D37) -> 0
A38: TOTAL EXPENSES | C38: =SUM(C7:C37) -> #REF! | D38: =SUM(D7:D37) -> #REF! | E38: =SUM(E7:E37) -> #REF!
C39: =IF(ABS(C38-#REF!)>0.001,"$"&ABS(C38-#REF!)&" error - verify account coding","") -> #REF!
A40: Balance Available | E40: =+C4-E38 -> #REF!
B44: Partner Officer Name | C44: Date
B45: Partner Officer Title
